 Dungeon Crawl Stone Soup version 0.18.1-50-g88ac8fd (webtiles) character file.

268 varam the Insei (level 6, 0/70 HPs)
             Began as a Draconian Transmuter on Oct 10, 2016.
             Was a Follower of Pakellas.
             Succumbed to a kobold's poison
             ... in a sewer.
             The game lasted 00:12:46 (3593 turns).

varam the Insei (Draconian Transmuter)              Turns: 3593, Time: 00:12:47

Health: 0/70       AC: 23    Str: 12    XL:     6   Next: 1%
Magic:  2/9        EV:  2    Int: 14    God:    Pakellas [*.....]
Gold:   109        SH:  0    Dex: 13    Spells: 3 memorised, 5 levels left

rFire  . . .     SeeInvis .       - Unarmed
rCold  . . .     Gourm    .     (armour unavailable)
rNeg   + + +     Faith    .     (no shield)
rPois  +         Spirit   .     (helmet currently unavailable)
rElec  .         Dismiss  .     (cloak currently unavailable)
rCorr  .         Reflect  .     (gloves currently unavailable)
SustAt .         Harm     .     (boots currently unavailable)
MR     .....     NoTele   +     (no amulet)
Stlth  +.........               (no ring)
                                (no ring)

@: lethally poisoned (0 -> -21), tree-form, not resistant to hostile
enchantments, very unstealthy
A: unfitting armour, (horns 0), deterioration 1, low mp 1, (cold-blooded), AC +6
a: Quick Charge, Renounce Religion


You were in a sewer.
You worshipped Pakellas.
Pakellas was aware of your devotion.
You were not hungry.
You were a tree.
You visited 1 branch of the dungeon, and saw 3 of its levels.
You also visited: Sewer.

You collected 109 gold pieces.

Inventory:

Missiles
 a - 79 arrows
Armour
 i - a cursed +0 pair of boots (melded)
 l - a +0 cloak (melded)
Scrolls
 d - a scroll of amnesia {unknown}
 e - a scroll of teleportation {unknown}
 m - 3 scrolls of fear {unknown}
Potions
 g - a potion of lignification
Books
 b - a book of Changes

   Spells                             Type                      Level
   a - Beastly Appendage              Transmutation                1
   b - Sticks to Snakes               Transmutation                2
   c - Spider Form                    Transmutation/Poison         3
   d - Ice Form                       Ice/Transmutation            4
   e - Blade Hands                    Transmutation                5
Comestibles
 c - 2 bread rations
 f - 4 chunks of flesh
 j - a meat ration


   Skills:
 - Level 1.2 Fighting
 - Level 1.9 Dodging
 + Level 4.4 Unarmed Combat
 + Level 3.1 Spellcasting
 * Level 4.4 Transmutations


You had 5 spell levels left.
You knew the following spells:

 Your Spells              Type           Power        Failure   Level  Hunger
a - Beastly Appendage     Trmt           ##....       3%          1    #......
b - Sticks to Snakes      Trmt           ##......     6%          2    ##.....
c - Spider Form           Trmt/Pois      #.........   24%         3    ###....


Dungeon Overview and Level Annotations

Branches:
Dungeon (3/15)

Altars:
Ashenzari
Fedhas
Pakellas
Trog

Annotations:
D:2 Robin


Innate Abilities, Weirdness & Mutations

((Your plain brown scales are hard (AC +6).))
Your body does not fit into most forms of armour.
((You are cold-blooded and may be slowed by cold attacks.))
((You have a pair of small horns on your head.))
Your body sometimes deteriorates upon taking damage.
Your magical capacity is low (-10% MP).


Message History

You feel sick.
The kobold shoots a poisoned needle.
The poisoned needle hits you.
* * * LOW HITPOINT WARNING * * *
You feel sick.
The kobold shoots a poisoned needle.
The poisoned needle hits you!
* * * LOW HITPOINT WARNING * * *
You feel sick.
The kobold shoots a poisoned needle.
The poisoned needle hits you!
You are more poisoned.
* * * LOW HITPOINT WARNING * * *
You feel sick.
The kobold shoots a poisoned needle.
The poisoned needle hits you!
You are more poisoned.
* * * LOW HITPOINT WARNING * * *
You feel sick.
The kobold shoots a poisoned needle.
The poisoned needle completely misses you.
The poisoned needle hits the plant!
The plant looks even sicker.
You hear a splash.
You die...
Pakellas says: Time to start the next experiment...

#......#≈≈≈≈≈≈
#......#≈≈≈≈≈
#......#≈≈≈#
#....≈≈#≈≈≈#
#...≈≈#≈≈≈#
##...P(≈≈≈≈#
#....≈≈≈≈≈≈#
###...P#≈≈≈#
#.P)♣#≈≈≈#
##')##≈≈≈#
#.!..#≈≈≈#
#..K.#≈≈≈#
#..∩.#≈≈≈#
#!.!!#≈≈≈#
######÷≈≈#
#...'≈≈≈#
#∩∩.#≈≈≈#


You could see a kobold.

Vanquished Creatures
  A big kobold (Sewer)
  A centaur zombie (D:3)
  Ijyb (D:3)
  Terence (D:3)
  A gnoll (D:1)
  An adder (D:3)
  6 worms
  A dart slug (D:2)
  A giant gecko (D:2)
  An orc (D:3)
  2 giant cockroaches
  7 hobgoblins
  7 jackals
  11 kobolds
  A quokka (D:3)
  3 ball pythons
  5 bats
  A giant newt (D:1)
  11 goblins
  13 rats
76 creatures vanquished.

Vanquished Creatures (collateral kills)
  A worm (D:2)
1 creature vanquished.

Grand Total: 77 creatures vanquished

Notes
Turn   | Place    | Note
--------------------------------------------------------------
     0 | D:1      | varam the Draconian Transmuter began the quest for the Orb.
     0 | D:1      | Reached XP level 1. HP: 16/16 MP: 3/3
   148 | D:1      | Reached XP level 2. HP: 3/23 MP: 3/5
   576 | D:1      | Learned a level 2 spell: Sticks to Snakes
  1186 | D:1      | Reached XP level 3. HP: 17/28 MP: 2/6
  1702 | D:2      | Learned a level 3 spell: Spider Form
  1896 | D:2      | Noticed a moth of wrath
  1899 | D:2      | Found a bloodstained altar of Trog.
  2120 | D:2      | Noticed Robin
  2142 | D:2      | Reached XP level 4. HP: 29/35 MP: 3/7
  2175 | D:3      | Found a shattered altar of Ashenzari.
  2212 | D:3      | Noticed Ijyb
  2262 | D:3      | Killed Ijyb
  2339 | D:3      | Found an oddly glowing altar of Pakellas.
  2343 | D:3      | Became a worshipper of Pakellas the Inventive
  2494 | D:3      | Found a blossoming altar of Fedhas.
  2608 | D:3      | Reached XP level 5. HP: 10/40 MP: 4/9
  2622 | D:3      | Found a glowing drain.
  2623 | D:3      | Noticed Terence
  2646 | D:3      | Killed Terence
  2713 | Sewer    | Entered a sewer
  3572 | Sewer    | Reached XP level 6. HP: 29/47 MP: 1/10
  3576 | Sewer    | Reached * piety under Pakellas
  3576 | Sewer    | Received a gift from Pakellas
  3582 | Sewer    | Gained mutation: You have a pair of small horns on your head. [potion of mutation]
  3582 | Sewer    | Gained mutation: Your body sometimes deteriorates upon taking damage. [potion of mutation]
  3582 | Sewer    | Gained mutation: Your magical capacity is low (-10% MP). [potion of mutation]
  3591 | Sewer    | HP: 3/70 [poisoned by a kobold]
  3592 | Sewer    | HP: 1/70 [poisoned by a kobold]
  3593 | Sewer    | Succumbed to a kobold's poison

Skill      XL: |  1  2  3  4  5 |
---------------+----------------+-----
Transmutations | 3 4 |  4.4
Unarmed Combat | 4 |  4.4
Spellcasting   | 3 |  3.1
Fighting       | |  1.2
Dodging        | |  1.9

Action                   |  1- 3 |  4- 6 || total
-------------------------+-------+-------++-------
Melee: Unarmed           |   167 |   136 ||   303
       Kick              |     5 |       ||     5
       Tailslap          |    16 |    19 ||    35
       Headbutt          |    14 |    15 ||    29
       Punch             |     2 |     2 ||     4
 Cast: Beastly Appendage |    24 |    14 ||    38
       Sticks to Snakes  |     3 |       ||     3
       Spider Form       |     1 |     1 ||     2
  Use: Potion            |       |     3 ||     3
  Eat: Chunk             |     5 |     2 ||     7
       Bread ration      |       |     1 ||     1
Armor: Skin              |    44 |    59 ||   103
Dodge: Dodged            |    98 |    95 ||   193
